 Dungeon Crawl Stone Soup version 0.30.1-11-g7821555f0a (webtiles) character file.

Game seed: 6577510177394110484

293 cowcol the Covered (level 6, -2/52 HPs)
             Began as a Minotaur Fighter on Dec 3, 2023.
             Slain by Crazy Yiuf
             ... wielding a +3 quarterstaff of chaos
              (8 damage)
             ... on level 2 of the Dungeon.
             The game lasted 00:07:33 (1909 turns).

cowcol the Covered (Minotaur Fighter)               Turns: 1909, Time: 00:07:34

Health: -2/52      AC: 14    Str: 22    XL:     6   Next: 11%
Magic:  5/5        EV:  9    Int:  5    God:
Gold:   142        SH:  4    Dex: 10    Spells: 5/5 levels left

rFire   . . .        q - +2 hammer (protect)
rCold   . . .        c - +0 buckler
rNeg    . . .        b - +0 scale mail
rPois   +            (helmet restricted)
rElec   .            (no cloak)
rCorr   .            (no gloves)
SInv    .            (no boots)
Will    .....        (no amulet) Stlth
                     d - ring of poison resistance
HPRegen 0.28/turn    (no ring)
MPRegen 0.09/turn

%: no passive effects
@: under a protective aura
A: horns 2, retaliatory headbutt
a: no special abilities


You were on level 2 of the Dungeon.
You visited 1 branch of the dungeon, and saw 4 of its levels.

You collected 142 gold pieces.

Inventory:

Hand Weapons
 a - a +0 war axe
 q - a +2 hammer of protection (weapon)
Missiles
 l - 2 boomerangs (quivered)
Armour
 b - a +0 scale mail (worn)
 c - a +0 buckler (worn)
 j - a +2 leather armour of willpower
 m - a scarf of harm
Jewellery
 d - a ring of poison resistance (left hand)
Scrolls
 g - a scroll of teleportation {unknown}
Potions
 e - a potion of brilliance {unknown}
 f - 2 potions of attraction {unknown}
 h - 3 potions of curing {unknown}
 i - 2 potions of haste {unknown}
 k - a potion of invisibility {unknown}
 n - a potion of flight {unknown}
 o - a potion of heal wounds {unknown}
 p - a potion of might


   Skills:
 - Level 4.0 Fighting
 + Level 5.6 Axes
 + Level 0.7 Throwing
 + Level 6.1 Armour
 - Level 3.6 Shields


You had 5 spell levels left.
You didn't know any spells.
Your spell library was empty.

Dungeon Overview and Level Annotations

Branches:
Dungeon (4/15)
 Temple: D:4-7

Altars:

Annotations:
D:2 Crazy Yiuf


Innate Abilities, Weirdness & Mutations

You have a pair of horns on your head.
You reflexively headbutt those who attack you in melee.


Message History

You barely miss the bat. Your headbutt misses the bat.
The bat barely misses you. You furiously retaliate!
You headbutt the bat!
You kill the bat!
p - a potion of might
Things that are here:
a +0 club; a goblin corpse You see here a +0 dagger.
Things that are here:
a +0 club; a goblin corpse You now have 142 gold pieces (gained 12).
There is a stone staircase leading up here.
Found four hammers.
Found a runed translucent door.
Found a hammer.
Crazy Yiuf shouts!
You see here a +2 hammer of protection.
q - a +2 hammer of protection Your +2 hammer of protection hums with potential!
q - a +2 hammer of protection (weapon)
You see here a +0 hammer.
As you open the door, it creaks loudly!
Crazy Yiuf drinks a potion.
Crazy Yiuf goes berserk!
Crazy Yiuf hits you with a +3 quarterstaff of chaos!
There is an open translucent door here.
You closely miss Crazy Yiuf.
Crazy Yiuf hits you with a +3 quarterstaff of chaos!!
Crazy Yiuf burns you.
* * * LOW HITPOINT WARNING * * *
Crazy Yiuf barely misses you.
You hit Crazy Yiuf.
Your weapon exudes an aura of protection.
Crazy Yiuf is lightly wounded.
Crazy Yiuf hits you with a +3 quarterstaff of chaos.
* * * LOW HITPOINT WARNING * * *
Crazy Yiuf hits you with a +3 quarterstaff of chaos.
* * * LOW HITPOINT WARNING * * *
You completely miss Crazy Yiuf. You headbutt Crazy Yiuf!
Crazy Yiuf is moderately wounded.
Crazy Yiuf hits you but does no damage.
Crazy Yiuf hits you with a +3 quarterstaff of chaos!
You die...

#####.#..# ......#..#
#####....# ###### #
### ####.##
.#....###♣♣ ####
.......#..♣♣ ♣♣#.))#
..###......♣♣♣♣)@g).#
.## ##......♣..♣#...#
..######...♣.♣♣♣ ####
.....####♣♣♣♣♣
.......# .###.### .#
#...## .#####..# ..#
##.#


You could see Crazy Yiuf (berserk).

Vanquished Creatures
  A black bear (D:4)
  A scorpion (D:2)
  Terence (D:2)
  Natasha (D:3)
  2 orc wizards (D:4)
  4 orcs
  5 ball pythons
  9 endoplasms
  3 giant cockroaches
  3 goblins
  2 hobgoblins
  3 kobolds
  3 quokkas (D:1)
  3 bats
  2 frilled lizards
  2 rats (D:1)
45 creatures vanquished.

Notes
Turn   | Place    | Note
-------+----------+-------------------------------------------
     0 | D:1      | cowcol the Minotaur Fighter began the quest for the Orb.
     0 | D:1      | Reached XP level 1. HP: 19/19 MP: 0/0
   247 | D:1      | Reached skill level 4 in Armour
   255 | D:1      | Reached XP level 2. HP: 27/27 MP: 1/1
   399 | D:1      | Found a faded altar of an unknown god.
   949 | D:2      | You fall into a shaft and drop 2 floors!
   982 | D:4      | Noticed a black bear
   993 | D:4      | Killed a black bear
   994 | D:4      | Reached skill level 5 in Armour
   994 | D:4      | Reached XP level 3. HP: 24/33 MP: 2/2
   994 | D:4      | Reached XP level 4. HP: 30/40 MP: 3/3
  1066 | D:4      | Reached XP level 5. HP: 35/46 MP: 4/4
  1394 | D:3      | Noticed Natasha
  1404 | D:3      | Killed Natasha
  1556 | D:2      | Reached skill level 5 in Axes
  1556 | D:2      | Reached skill level 6 in Armour
  1767 | D:2      | Noticed Terence
  1784 | D:2      | Killed Terence
  1785 | D:2      | Reached XP level 6. HP: 45/52 MP: 5/5
  1899 | D:2      | Found a runed translucent door.
  1900 | D:2      | Noticed Crazy Yiuf
  1909 | D:2      | Slain by Crazy Yiuf

Illustrated notes

Levels and vault maps discovered:
D:1:      dpeg_arrival_windows_large_door, layout_loops_corners,
          basic_ecumenical_altar, minmay_misc_feat_tiny
D:2:      layout_rooms, hangedman_glass_teeth, minmay_split_cup_small,
          uniq_terence, uniq_crazy_yiuf_cottage
D:3:      layout_loops_ring, grunt_temple_overflow_open,
          amcnicky_mini_corridor_feature, uniq_natasha
D:4:      layout_basic, minmay_temple_entry_drinking_statues,
          gammafunk_ghost_smash

Skill      XL: |  1  2  3  4  5 |
---------------+----------------+-----
Armour         | 4 5 6 |  6.1
Fighting       | 4 |  4.0
Axes           | 4 5 |  5.6
Throwing       | |  0.7
Shields        | |  3.6

Action                     |  1- 3 |  4- 6 || total
---------------------------+-------+-------++-------
  Melee: War axe           |    44 |    55 ||    99
         Headbutt          |     3 |     8 ||    11
         Mace              |       |     3 ||     3
  Throw: Boomerang         |     3 |     4 ||     7
    Use: Scroll            |     1 |     1 ||     2
         Potion            |       |     1 ||     1
 Armour: Scale mail        |    25 |    37 ||    62
  Dodge: Dodged            |    21 |    32 ||    53
  Block: Buckler           |     5 |    12 ||    17
